 Dungeon Crawl Stone Soup version 0.29.1-15-g9cfb28693d (webtiles) character file.

Game seed: 17697485582737607327

32 Heoruswealwe the Magician (level 3, -3/19 HPs)
             Began as a Deep Elf Earth Elementalist on Apr 4, 2023.
             Was an Initiate of Gozag.
             Slain by Pikel
             ... wielding a +2 whip of flaming
              (6 damage)
             ... on level 5 of the Dungeon.
             The game lasted 00:07:57 (774 turns).

Heoruswealwe the Magician (DEEE)                     Turns: 774, Time: 00:07:57

Health: -3/19      AC:  6    Str:  5    XL:     3   Next: 8%
Magic:  10/10      EV: 13    Int: 21    God:    Gozag
Gold:   95         SH:  0    Dex: 21    Spells: 4/10 levels left

rFire   . . .      SeeInvis +   (no weapon)
rCold   . . .      Faith    .   (no shield)
rNeg    . . .      Spirit   .   a - +0 robe
rPois   .          Reflect  .   g - +0 helmet
rElec   .          Harm     .   p - +0 cloak
rCorr   .          Rampage  .   (no gloves)
Will    .....                   h - +1 pair of boots
Stlth   ++........              (no amulet)
HPRegen 0.06/turn               k - ring of see invisible
MPRegen 0.12/turn               s - +6 ring of dexterity

@: no status effects
A: no striking features
a: Renounce Religion, Potion Petition, Call Merchant, Bribe Branch


You were on level 5 of the Dungeon.
You worshipped Gozag.
Gozag was noncommittal.
You visited 1 branch of the dungeon, and saw 5 of its levels.

You collected 95 gold pieces.

Inventory:

Hand Weapons
 o - a +0 war axe
Armour
 a - a +0 robe (worn)
 g - a +0 helmet (worn)
 h - a +1 pair of boots (worn)
 i - a +0 robe
 l - a +0 robe
 p - a +0 cloak (worn)
 r - a +0 robe
Jewellery
 k - a ring of see invisible (left hand)
 s - a +6 ring of dexterity (right hand)
Scrolls
 c - 2 scrolls of immolation {unknown}
 e - a scroll of identify {unknown}
 j - a scroll of enchant armour {unknown}
 m - a scroll of summoning {unknown}
 n - a scroll of butterflies {unknown}
 t - a scroll of fear {unknown}
Potions
 d - a potion of might {unknown}
 f - 2 potions of brilliance {unknown}
 q - a potion of curing {unknown}


   Skills:
 - Level 2.4 Dodging
 - Level 2.4 Stealth
 + Level 4.1 Spellcasting
 - Level 1.1 Transmutations
 + Level 4.0 Earth Magic


You had 4 spell levels left.
You knew the following spells:

 Your Spells              Type           Power      Damage    Failure   Level
a - Sandblast             Erth           42%        2d11      2%          1
b - Stone Arrow           Conj/Erth      24%        3d8       16%         3
z - Passwall              Tmut/Erth      12%        N/A       6%          2

Your spell library contained the following spells:

 Spells                   Type           Power      Damage    Failure   Level
 Sting                    Tmut/Pois      24%        1d4       10%         1
 Poisonous Vapours        Pois/Air       8%         N/A       19%         2
 Petrify                  Tmut/Erth      15%        N/A       38%         4
 Olgreb's Toxic Radiance  Pois           4%         N/A       75%         4


Dungeon Overview and Level Annotations

Branches:
Dungeon (5/15)
 Temple: D:4-7

Altars:
Gozag
Qazlal

Annotations:
D:5 Pikel


Message History

Press: ? - help, Shift-Dir - straight line, f/p - lemure
Aim: a lemure (severely wounded, 79% to hit)
The blast of sand hits the lemure but does no damage.
The lemure is severely wounded.
The lemure hits you but does no damage. The lemure closely misses you.
Casting: Sandblast (safe; 2% risk of failure)
Confirm with . or Enter, or press ? or * to list all spells.
Aiming: Sandblast (safe; 2% risk of failure)
Press: ? - help, Shift-Dir - straight line, f - Pikel, p - lemure
Aim: Pikel, wielding a +2 whip of flaming and wearing a +0 robe (lightly wounded, 79% to hit)
The blast of sand hits the lemure!
You kill the lemure!
That felt strangely unrewarding.
Casting: Sandblast (safe; 2% risk of failure)
Confirm with . or Enter, or press ? or * to list all spells.
You don't know that spell.
Casting: Sandblast (safe; 2% risk of failure)
Confirm with . or Enter, or press ? or * to list all spells.
Aiming: Sandblast (safe; 2% risk of failure)
Press: ? - help, Shift-Dir - straight line, f/p - Pikel
Aim: Pikel, wielding a +2 whip of flaming and wearing a +0 robe (lightly wounded, 79% to hit)
The blast of sand hits the lemure.
The lemure is lightly wounded.
The lemure closely misses you.
Casting: Sandblast (safe; 2% risk of failure)
Confirm with . or Enter, or press ? or * to list all spells.
Aiming: Sandblast (safe; 2% risk of failure)
Press: ? - help, Shift-Dir - straight line, f/p - Pikel
Aim: Pikel, wielding a +2 whip of flaming and wearing a +0 robe (lightly wounded, 79% to hit)
The blast of sand hits Pikel.
Pikel is lightly wounded.
Pikel barely misses you.
Casting: Sandblast (safe; 2% risk of failure)
Confirm with . or Enter, or press ? or * to list all spells.
You don't have enough magic to cast this spell.
Okay, then.
Magic courses through your body.
Pikel hits you with a +2 whip of flaming.
You die...
Your body crumbles into a pile of gold.

..........<...#####
..................##.
....................#
#.................#
#......:..........##
##........5.........
....#####.5K.5.......
### #...#####......#
.._....@K5......#
#...#####........ #
......... #####....
.... ... ..


You could see Pikel and a lemure.

Vanquished Creatures
  2 lemures (D:5)
  A dart slug (D:2)
  2 endoplasms (D:1)
  4 goblins
  7 hobgoblins
  A quokka (D:1)
  3 ball pythons
  3 bats
  A frilled lizard (D:1)
  A kobold (D:1)
  4 rats (D:1)
29 creatures vanquished.

Notes
Turn   | Place    | Note
-------+----------+-------------------------------------------
     0 | D:1      | Heoruswealwe the Deep Elf Earth Elementalist began the
                  | quest for the Orb.
     0 | D:1      | Reached XP level 1. HP: 10/10 MP: 6/6
   196 | D:1      | Reached XP level 2. HP: 10/15 MP: 2/8
   199 | D:1      | Learned a level 2 spell: Passwall
   572 | D:2      | Reached XP level 3. HP: 19/19 MP: 8/10
   576 | D:2      | Learned a level 3 spell: Stone Arrow
   625 | D:2      | Found a faded altar of an unknown god.
   681 | D:2      | Prayed at the altar of an unknown god.
   681 | D:2      | Became a worshipper of Gozag Ym Sagoz the Greedy
   746 | D:5      | Entered Level 5 of the Dungeon
   750 | D:5      | Noticed a lemure
   751 | D:5      | Noticed Pikel
   752 | D:5      | Noticed a lemure
   753 | D:5      | Noticed a lemure
   754 | D:5      | Noticed a lemure
   757 | D:5      | Killed a lemure
   766 | D:5      | Found a stormy altar of Qazlal.
   771 | D:5      | Killed a lemure
   774 | D:5      | Slain by Pikel

Illustrated notes

Levels and vault maps discovered:
D:1:      evilmike_arrival_fibonacci_small, layout_rooms
D:2:      layout_loops_ring, hellmonk_ecumenical_altar_lost_god, uniq_robin
D:3:      layout_rooms, gammafunk_ghost_grave, wad_floor_pattern_2
D:4:      layout_loops_ring, mainiacjoe_overflow_alcove_2, kennysheep_donut,
          uniq_eustachio, uniq_grinder
D:5:      layout_cave_pools, mainiacjoe_overflow_surrounded_room,
          nicolae_gozag_cash_rules_everything_around_me,
          nicolae_figureground_pulse, uniq_edmund, uniq_pikel

Skill      XL: |  1  2 |
---------------+-------+-----
Spellcasting   | 4 |  4.1
Earth Magic    | 4 |  4.0
Dodging        | |  2.4
Stealth        | |  2.4
Transmutations | |  1.1

Action                   || total
-------------------------++-------
Melee: Unarmed           ||    10
 Cast: Sandblast         ||    51
  Use: Potion            ||     1
Armor: Robe              ||    13
Dodge: Dodged            ||    32
